Cogmind - Beta 16.1 @@@ ROGUE MODE // 2026.02.18 @ 00:58:34 Player: Exceptionally Mediocre Result: Destroyed by G-47 Trooper with Particle Gun Performance ------------- Evolutions (2) 1000 Regions Visited (6) 1200 Robots Destroyed (56) 280 Value Destroyed (1603) 1603 Prototype IDs (24) 480 Alien Tech Used (0) 0 Bonus (579) 579 TOTAL SCORE: 5142 Bonus ------- High Alert Combat Kills 79 Entered Garrisons 200 Aligned with FarCom 300 Cogmind --------- Core Integrity 0/550 Matter 300/300 Energy 96/100 System Corruption 5% Temperature Cool (18) Movement Core (50) Location -8/Garrison Parts ------- > --- POWER (1) -------- (None) > --- PROPULSION (3) --- (None) > --- UTILITY (4) ------ Targeting Computer > --- WEAPON (3) ------- Particle Gun > --- INVENTORY (5) ---- Relay Coupler [NC] (31) Chronowheel Peak State ------------ > --- POWER ------------ Improved Ion Engine > --- PROPULSION ------- Light Treads Light Treads Light Treads > --- UTILITY ---------- Advanced Heat Sink Targeting Computer Targeting Computer Improved Light Armor Plating > --- WEAPON ----------- Gauss Rifle Gauss Rifle Katana > --- INVENTORY -------- Light Nuclear Core Wheel Experimental Sensor Array Chronowheel Mini Grenade Launcher [Rating: 28] Favorites ----------- Power Ion Engine Engine Ion Engine Power Core Light Nuclear Core Propulsion Light Treads Treads Light Treads Leg Aluminum Leg Wheel Wheel Utility Targeting Computer Device Improved Terrain Scanner Storage High-capacity Storage Unit Processor Targeting Computer Protection Improved Light Armor Plating Weapon Gauss Rifle Energy Gun Small Laser Energy Cannon Beam Cannon Ballistic Gun Gauss Rifle Launcher Grenade Launcher Special Weapon Mining Laser Slashing Weapon Katana Build | -11 -10 -10 -10 -9 -8 -8 ------- Run | Yrd Mat Min Exi Min Mat Gar Slots Evolved 4 | . . . . . 4 . Power . | . . . . . . . Propulsion 1 | . . . . . 1 . Utility 2 | . . . . . 2 . Weapon 1 | . . . . . 1 . Parts Attached 45 | 8 3 . 4 4 6 20 Power 6 | 1 . . . . 1 4 Engine 5 | 1 . . . . 1 3 Core 1 | . . . . . . 1 Reactor . | . . . . . . . Propulsion 12 | 2 . . 3 . 3 4 Treads 5 | 2 . . 1 . . 2 Leg 1 | . . . . . . 1 Wheel 6 | . . . 2 . 3 1 Hover . | . . . . . . . Flight . | . . . . . . . Utility 11 | 2 2 . 1 . 2 4 Device 3 | 1 . . . . 1 1 Storage 4 | 1 2 . 1 . . . Processor 2 | . . . . . 1 1 Hackware . | . . . . . . . Protection 2 | . . . . . . 2 Artifact . | . . . . . . . Weapon 16 | 3 1 . . 4 . 8 Energy Gun 3 | 2 . . . . . 1 Energy Cannon 1 | . . . . 1 . . Ballistic Gun 6 | 1 . . . 1 . 4 Ballistic Cannon . | . . . . . . . Launcher 3 | . 1 . . 1 . 1 Special Weapon 1 | . . . . 1 . . Impact Weapon . | . . . . . . . Slashing Weapon 2 | . . . . . . 2 Piercing Weapon . | . . . . . . . Special Melee Weapon . | . . . . . . . Unidentified Prototypes 1 | . . . . . 1 . Parts Lost 27 | . . . . . 11 16 Power 2 | . . . . . . 2 Propulsion 10 | . . . . . 5 5 Utility 6 | . . . . . 2 4 Weapon 9 | . . . . . 4 5 Highest Loss Streak 13 | . . . . . 9 13 To Critical Strikes . | . . . . . . . Average Backups 12 | 3 12 14 14 18 19 4 Power 2 | . 3 4 4 4 3 1 Propulsion 4 | 2 6 7 7 7 5 . Utility 1 | . . . . 1 4 1 Weapon 2 | . 2 3 3 3 3 . Tool/Special . | . . . . . . . Unused Backups 23 | . 1 . . 3 11 8 Power 8 | . 1 . . 2 3 2 Propulsion 3 | . . . . 1 2 . Utility 10 | . . . . . 5 5 Weapon 1 | . . . . . 1 . Tool/Special 1 | . . . . . . 1 Average Slot Usage (%) 88 | . 100 100 100 99 88 70 Engine 10 | . 14 14 14 14 8 4 Treads 13 | . 28 28 27 . . 16 Wheel 10 | . . . . 28 26 . Device 11 | . 14 14 14 14 16 5 Storage 8 | . 14 14 14 14 8 . Processor 6 | . . . . . 8 16 Protection 1 | . . . . . . 5 Energy Cannon 3 | . . . . 8 8 . Ballistic Gun 11 | . 14 14 14 9 . 14 Launcher 7 | . 13 14 14 8 8 . Slashing Weapon 2 | . . . . . . 5 Peak Build Rating 28 | 9 10 10 11 14 24 28 Average Rating 14 | 5 9 10 10 12 21 20 On Entrance 8 | . 9 10 10 11 14 3 Avg Prop Armor Cover (%) . | . . . . . . . Naked Turns . | . . . . . . . Heaviest Build 59 | 13 30 30 50 53 59 21 Greatest Support 60 | 40 40 40 40 20 36 60 Greatest Overweight (x) 4 | . . . 2 2 4 1 Average Overweight (x) . | . . . . 2 . . Largest Inventory Capacity 20 | 8 15 15 20 20 20 5 Average Capacity 13 | 6 14 15 15 20 19 5 Most Carried 20 | 8 14 14 17 20 20 5 Average Carried 12 | 3 12 14 14 18 19 4 Final Capacity 20 | 8 15 15 20 20 5 5 Final Carried 20 | 8 14 14 15 20 5 2 Class Distribution -------------------- 42% | Mutant 31% | Skirmisher 20% | Scavenger-Mutant Dominant Class ---------------- Mutant | -10/Materials Mutant | -10/Mines Mutant | -10/Exiles Skirmisher | -9/Mines Skirmisher | -8/Materials Scavenger-Mutant | -8/Garrison Resources | -11 -10 -10 -10 -9 -8 -8 ----------- Run | Yrd Mat Min Exi Min Mat Gar Matter Collected 1381 | 296 131 . . 158 85 711 Remotely . | . . . . . . . Salvage Created 1513 | 157 70 . . 282 202 802 Parts 92 | 8 13 . . 23 9 39 Haulers Intercepted . | . . . . . . . Recyclers Shooed 3 | 1 . . . 2 . . Parts Field Recycled . | . . . . . . . Retrieved Matter . | . . . . . . . Parts Self-Destructed . | . . . . . . . Prevented . | . . . . . . . Parts Restored . | . . . . . . . Kills | -11 -10 -10 -10 -9 -8 -8 ------- Run | Yrd Mat Min Exi Min Mat Gar Combat Hostiles Destroyed 38 | . 7 . . 8 6 17 Melee 3 | . . . . . . 3 Guns 8 | . . . . . . 8 Cannons 1 | . . . . . 1 . AOE 26 | . 7 . . 8 5 6 Classes Destroyed 11 | 3 4 . . 1 1 2 Worker 5 | 1 . . . 2 2 . Builder 1 | . . . . 1 . . Tunneler 6 | 3 1 . . 2 . . Recycler 3 | 1 . . . 1 1 . Mechanic 1 | . . . . . . 1 Operator 1 | . 1 . . . . . Watcher 1 | . 1 . . . . . Swarmer 18 | . 6 . . 6 . 6 Grunt 15 | . 1 . . 2 5 7 Sentry 4 | . . . . . 1 3 Hunter 1 | . . . . . . 1 Best Kill Streak 9 | 3 3 . . 3 9 6 Combat Bots Only 6 | . 3 . . 3 6 6 Max Kills in Single Turn 3 | 1 2 . . 2 2 3 Gunslinging . | . . . . . . . Exploded 3 | . 2 . . 2 2 3 Melee 1 | . . . . . . 1 Uniques/NPCs Destroyed . | . . . . . . . Combat | -11 -10 -10 -10 -9 -8 -8 -------- Run | Yrd Mat Min Exi Min Mat Gar Hostile Shots Fired 200 | . 22 . . 8 39 131 Missed 57 | . 7 . . 3 12 35 Hits 143 | . 15 . . 5 27 96 Projectile 143 | . 15 . . 5 27 96 Critical Strikes 5 | . 1 . . . 2 2 Damage Taken 2409 | . 161 . . 39 696 1513 Core 625 | . 55 . . 10 186 374 Absorbed by Shields . | . . . . . . . Core Remaining (%) 87 | 100 . . . 74 . . Volleys Fired 125 | 16 11 . . 19 16 63 Largest 2 | 2 1 . . 2 2 2 Hottest 160 | 60 30 . . 100 160 65 Shots Fired 177 | 26 11 . . 30 27 83 Gun 115 | 26 1 . . 11 . 77 Cannon 22 | . . . . 11 11 . Launcher 36 | . 10 . . 7 13 6 Special 4 | . . . . 1 3 . Kinetic 104 | 16 1 . . 11 . 76 Thermal 37 | 10 . . . 12 14 1 Explosive 36 | . 10 . . 7 13 6 Electromagnetic . | . . . . . . . Robot Hit Streak 19 | 7 3 . . 8 7 19 Robot Miss Streak 4 | 2 1 . . 2 3 4 Penetration Max 1 | . . . . . . 1 Secondary Targets 2 | . . . . . . 2 Max Gunslinging Chain 1 | . . . . . . 1 Shots Hit Robots 112 | 17 3 . . 14 13 65 Core Hits 98 | 9 13 . . 18 23 35 Critical Kills . | . . . . . . . Critical Parts Destroyed 1 | . . . . . . 1 Critical Strikes 4 | . . . . . . 4 Destroy 2 | . . . . . . 2 Sever 2 | . . . . . . 2 Melee Attacks 31 | . . . . . . 31 Impact . | . . . . . . . Slashing 31 | . . . . . . 31 Piercing . | . . . . . . . Sneak Attacks 1 | . . . . . . 1 Combat Hostiles . | . . . . . . . Follow-up Attacks . | . . . . . . . Damage Inflicted 4019 | 165 503 . . 621 1026 1704 Guns 1227 | 165 . . . 83 . 979 Cannons 277 | . . . . 120 157 . Explosions 2115 | . 503 . . 418 845 349 Melee 376 | . . . . . . 376 Ramming . | . . . . . . . Kinetic 1145 | 83 . . . 83 . 979 Thermal 439 | 82 . . . 176 181 . Explosive 2059 | . 503 . . 362 845 349 Electromagnetic . | . . . . . . . Impact . | . . . . . . . Slashing 376 | . . . . . . 376 Piercing . | . . . . . . . Highest Corruption 5 | . . . . . . 5 Average Corruption 5 | . . . . . . 5 Corruption Purged . | . . . . . . . Corruption Blocked . | . . . . . . . Effects 35 | . . . . . . 35 Message Errors 6 | . . . . . . 6 Matter Fused 9 | . . . . . . 9 Heat Flow Errors 4 | . . . . . . 4 Energy Discharges 4 | . . . . . . 4 Data Loss (minor) 6 | . . . . . . 6 Data Loss (major) 4 | . . . . . . 4 Misfires 1 | . . . . . . 1 Weapon Failures 1 | . . . . . . 1 Overload Shots . | . . . . . . . Overflow Damage 62 | . 9 . . 2 10 41 Projectiles 2 | . . . . 2 . . Explosions 60 | . 9 . . . 10 41 Melee . | . . . . . . . Knockbacks . | . . . . . . . Impact . | . . . . . . . Kinetic . | . . . . . . . Secondary . | . . . . . . . Self-Inflicted Damage 121 | . 45 . . . 15 61 Shots 5 | . 2 . . . 1 2 Rammed . | . . . . . . . Targets Rammed . | . . . . . . . Kicked . | . . . . . . . Crushed . | . . . . . . . Highest Temperature 329 | 40 . . . 72 329 238 Average Temperature 75 | 20 . . . 21 126 92 Received Heat Transfer 897 | . 6 . . . 216 675 Siege Activations . | . . . . . . . Martial Activations . | . . . . . . . Shielding Activations . | . . . . . . . Robots Disrupted . | . . . . . . . Combat Hostiles . | . . . . . . . Robots Corrupted . | . . . . . . . Combat Hostiles . | . . . . . . . Parts Fried . | . . . . . . . Impact Corruptions . | . . . . . . . Robots Melted . | . . . . . . . Combat Hostiles . | . . . . . . . Parts Melted . | . . . . . . . Heat Transferred 867 | 175 . . . 309 383 . Parts Sabotaged . | . . . . . . . Parts Stolen . | . . . . . . . Parts Stripped . | . . . . . . . Power Chain Reactions . | . . . . . . . Alert | -11 -10 -10 -10 -9 -8 -8 ------- Run | Yrd Mat Min Exi Min Mat Gar Maximum Alert Level 2 | . . . . 1 . 2 Low Security (%) 72 | 100 100 100 . 73 100 50 Level 1 15 | . . . . 26 . 18 Level 2 12 | . . . . . . 31 Level 3 . | . . . . . . . Level 4 . | . . . . . . . Level 5 . | . . . . . . . High Security . | . . . . . . . Max Security . | . . . . . . . Peak Influence 584 | 5 117 18 . 352 197 584 Initial 109 | . . 18 . . 109 59 Average 153 | 1 44 4 . 90 74 290 Influence Increases 1654 | 25 255 . . 436 263 675 Destroy 0b10 Robot/C 760 | . 140 . . 160 120 340 Destroy 0b10 Robot/NC 105 | 25 15 . . 30 15 20 Destroy Leader 112 | . 32 . . 30 20 30 Allied During Kill 2 | . . . . . . 2 Trap Triggered on 0b10 20 | . . . . . . 20 Successful Hack 25 | . 7 . . . 4 14 Disable Machine 255 | . 30 . . 165 . 60 Anti-Garrison Action 150 | . . . . . . 150 Destroy Structure 150 | . 31 . . 51 44 24 Lose Combat Pursuer 75 | . . . . . 60 15 Influence Decreases 1100 | 25 206 49 . 156 452 212 Entered New Map 234 | . . 31 . . 171 32 Time Decay 576 | 25 206 18 . 156 171 . Lost Part 270 | . . . . . 110 160 Lost Ally 20 | . . . . . . 20 Squads Dispatched 3 | . 1 . . . 2 . Investigation . | . . . . . . . Extermination . | . . . . . . . Reinforcement 3 | . 1 . . . 2 . Assault . | . . . . . . . Garrison . | . . . . . . . Intercept . | . . . . . . . Searches Triggered . | . . . . . . . Construction Impeded 1 | . . . . . 1 . Haulers Reinforced . | . . . . . . . Active Scanning Responses . | . . . . . . . Cargo Convoy Interrupts . | . . . . . . . Stealth | -11 -10 -10 -10 -9 -8 -8 --------- Run | Yrd Mat Min Exi Min Mat Gar Distress Signals 3 | . . . . . 3 . Communications Jammed . | . . . . . . . Distress Signals . | . . . . . . . Times Spotted 57 | . 10 . . 6 17 24 Peak Tracking Total 8 | . 4 . . 3 5 8 Tactical Retreats 2 | . . . . . 1 1 Traps | -11 -10 -10 -10 -9 -8 -8 ------- Run | Yrd Mat Min Exi Min Mat Gar Traps Triggered 1 | . . . . . . 1 Indirectly . | . . . . . . . Trap Hack Attempts . | . . . . . . . Triggered . | . . . . . . . Disarmed . | . . . . . . . Reprogrammed . | . . . . . . . Reused 2 | . . . . . . 2 Traps Extracted . | . . . . . . . Installed 2 | . . . . . . 2 Triggered 2 | . . . . . . 2 Most Traps Carried 1 | . . . . . . 1 Machines | -11 -10 -10 -10 -9 -8 -8 ---------- Run | Yrd Mat Min Exi Min Mat Gar Machines Disabled 19 | . 2 . . 11 . 6 Max in Single Turn 6 | . 1 . . 6 . 1 Garrison Relay 1 | . . . . . . 1 Machines Repaired . | . . . . . . . Machines Dismantled . | . . . . . . . Machines Sabotaged . | . . . . . . . Overloaded Fab Kills . | . . . . . . . Hacking | -11 -10 -10 -10 -9 -8 -8 --------- Run | Yrd Mat Min Exi Min Mat Gar Machines Accessed 9 | . 4 . 1 . 3 1 Terminals 7 | . 4 . . . 2 1 Fabricators . | . . . . . . . Repair Stations . | . . . . . . . Recycling Units . | . . . . . . . Scanalyzers . | . . . . . . . Garrison Access 1 | . . . . . 1 . Total Hacks 18 | . 10 . 1 . 5 2 Successful 8 | . 5 . 1 . 1 1 Failed 10 | . 5 . . . 4 1 Catastrophic 3 | . 2 . . . . 1 Database Lockouts . | . . . . . . . Manual 17 | . 10 . 2 . 4 1 Terminals 16 | . 10 . . . 4 2 Fabricators . | . . . . . . . Repair Stations . | . . . . . . . Recycling Units . | . . . . . . . Scanalyzers . | . . . . . . . Garrison Access 1 | . . . . . 1 . Terminal Hacks 3 | . 2 . 1 . . . Branch Access Points 1 | . 1 . . . . . Recall Investigation 1 | . 1 . . . . . Proto ID Catalog 1 | . . . 1 . . . Fabricator Hacks . | . . . . . . . Repair Station Hacks . | . . . . . . . Recycling Unit Hacks . | . . . . . . . Scanalyzer . | . . . . . . . Garrison Access Hacks 1 | . . . . . 1 . Unlock Access 1 | . . . . . 1 . Unauthorized Hacks 4 | . 3 . . . . 1 Terminals 4 | . 3 . . . . 1 Botnet 4 | . 3 . . . . 1 Fabricators . | . . . . . . . Repair Stations . | . . . . . . . Recycling Units . | . . . . . . . Scanalyzers . | . . . . . . . Garrison Access . | . . . . . . . Data Cores Recovered 1 | . 1 . . . . . Used . | . . . . . . . Hacking Detections 6 | . 3 . . . 2 1 Full Trace Events . | . . . . . . . Feedback Events . | . . . . . . . Feedback Blocked . | . . . . . . . Robot Schematics Acquired . | . . . . . . . Robots Built . | . . . . . . . Authchips . | . . . . . . . Time . | . . . . . . . Total Robot Build Rating . | . . . . . . . Part Schematics Acquired . | . . . . . . . Parts Built . | . . . . . . . Authchips . | . . . . . . . Time . | . . . . . . . Total Part Build Rating . | . . . . . . . Part Studies Acquired . | . . . . . . . Parts Repaired . | . . . . . . . Time . | . . . . . . . Parts Recycled . | . . . . . . . Recycled Matter . | . . . . . . . Retrieved Matter . | . . . . . . . Retrieved Components . | . . . . . . . Parts Scanalyzed . | . . . . . . . Part Schematics Acquired . | . . . . . . . Parts Damaged . | . . . . . . . Bothacking | -11 -10 -10 -10 -9 -8 -8 ------------ Run | Yrd Mat Min Exi Min Mat Gar Used RIF Installer . | . . . . . . . Robots Hacked . | . . . . . . . Non-combat . | . . . . . . . Combat . | . . . . . . . Robot Hacks Applied . | . . . . . . . Relay Couplers Released 5 | . . . . . . 5 Machine Destruction 5 | . . . . . . 5 Fabnet Peak Effective % . | . . . . . . . Robots Rewired 1 | . . . . . . 1 Allies Hacked . | . . . . . . . Hacks Repelled . | . . . . . . . Allies | -11 -10 -10 -10 -9 -8 -8 -------- Run | Yrd Mat Min Exi Min Mat Gar Total Allies 1 | . . . . . . 1 Largest Group 1 | . . . . . . 1 Highest-Rated Group 24 | . . . . . . 24 Highest-Rated Ally 24 | . . . . . . 24 Total Orders . | . . . . . . . Ally Attacks 7 | . . . . . . 7 Total Damage 175 | . . . . . . 175 Kills . | . . . . . . . Allies Corrupted . | . . . . . . . Allies Melted . | . . . . . . . Intel | -11 -10 -10 -10 -9 -8 -8 ------- Run | Yrd Mat Min Exi Min Mat Gar Active Infowar (turns) 2837 | 45 505 122 647 1136 382 . Terrain 2837 | 45 505 122 647 1136 382 . Robot Analysis Total . | . . . . . . . Derelict Logs Recovered 3 | . . 1 . 2 . . Drone Launches . | . . . . . . . Drone Recoveries . | . . . . . . . Exploration | -11 -10 -10 -10 -9 -8 -8 ------------- Run | Yrd Mat Min Exi Min Mat Gar Turns Passed 4458 | 181 505 122 647 1136 395 1472 Spaces Moved 2975 | 79 295 71 385 950 267 928 Core 421 | 4 . . . . 21 396 Treads 1338 | 75 295 71 376 . . 521 Legs 7 | . . . . . . 7 Wheels 1209 | . . . 9 950 246 4 Hover . | . . . . . . . Flight . | . . . . . . . Fastest Speed 50 | 50 160 160 110 110 50 50 Average Speed 127 | 154 160 160 166 110 91 124 Slowest Speed 240 | 160 160 160 240 110 140 160 Overloaded Moves . | . . . . . . . Propulsion Burnouts . | . . . . . . . Robots Hopped . | . . . . . . . Potential Cave-ins 10 | . . . . . . 10 Cave-ins Triggered 1 | . . . . . . 1 Exploration Rate (%) 49 | 5 52 13 81 98 35 62 Regions Visited 6 Branch Regions 3 Pre-discovered Areas 2 | . . . . 2 . . Known Exits Taken 2 | . 1 . . . 1 . Unknown Exits Taken 4 | 1 . 1 1 1 . . Scrap Searched 2 | . . . . 2 . . Spaces Dug 12 | . . . . 1 2 9 Terrain Destroyed 170 | . 36 . . 55 53 26 Melee 7 | . . . . . . 7 Projectile 5 | . . . . 1 2 2 AOE 158 | . 36 . . 54 51 17 Terrain Rammed . | . . . . . . . Walls Destroyed . | . . . . . . . Machines Disabled . | . . . . . . . Actions | -11 -10 -10 -10 -9 -8 -8 --------- Run | Yrd Mat Min Exi Min Mat Gar Total 3432 | 112 320 80 392 1015 387 1126 Wait 121 | . . 10 . 25 79 7 Move 2965 | 78 294 70 384 949 266 924 Hop . | . . . . . . . Pick Up 60 | 9 8 . 1 9 10 23 Fast Attach 15 | 7 . . . . 1 7 Attach 30 | 1 1 . 2 5 7 14 Detach 7 | . . . 2 4 . 1 Swap 6 | . 2 . 2 . . 2 Drop 36 | 1 4 . 1 4 8 18 Fire 125 | 16 11 . . 19 16 63 Melee 31 | . . . . . . 31 Ram . | . . . . . . . Kick . | . . . . . . . Crush . | . . . . . . . Escape Stasis 16 | . . . . . . 16 Rewire 18 | . . . . . . 18 Trap 2 | . . . . . . 2 Miscellaneous . | . . . . . . . Route ------- -11/Scrapyard -10/Materials (discovered 3 exits: [*Mat] / *Min x2) -10/Mines (discovered 2 exits: [*Mat] / *Exi) -10/Exiles (discovered 2 exits: [*Min x2]) -9/Mines (discovered 2 exits: *Mat x2) -8/Materials -8/Garrison (discovered 2 exits: [*Fac x2]) History --------- Turn | Location | Event 29 | -11/Scrapyard | Discovered new exit (range 14) 182 | -11/Scrapyard | Entered Materials 315 | -10/Materials | Build established: Mutant 373 | -10/Materials | Identified exit to Mines 539 | -10/Materials | Discovered new exit (range 8) 687 | -10/Materials | Entered Mines 728 | -10/Mines | Learned Materials trap positions 736 | -10/Mines | Discovered new exit (range 6) 803 | -10/Mines | Deemed a non-threat by the Exiles lab entrance 803 | -10/Mines | Discovered new exit (range 5) 809 | -10/Mines | Entered Exiles 830 | -10/Exiles | Discovered new exit (range 15) 846 | -10/Exiles | Met 8R-AWN 875 | -10/Exiles | Met EX-HEX 931 | -10/Exiles | Met EX-BIN 953 | -10/Exiles | Aligned with FarCom system 955 | -10/Exiles | Given EX-Vault access code 1000 | -10/Exiles | Opened EX-Vault 1048 | -10/Exiles | Found Chronowheel 1081 | -10/Exiles | Warned to stay clear of 0b10 Research branches 1126 | -10/Exiles | Met EX-DEC 1199 | -10/Exiles | Visited The Gauntlet 1424 | -10/Exiles | Discovered new exit (range 14) 1456 | -10/Exiles | Left Exiles lab with Chronowheel 1456 | -10/Exiles | Entered Mines 1551 | -9/Mines | Received a Rocket Launcher from a helpful Derelict 1684 | -9/Mines | Learned location of Zion (-7) 1691 | -9/Mines | Discovered new exit (range 10) 1737 | -9/Mines | Build established: Skirmisher 1789 | -9/Mines | Found a damaged Exp. Sensor Array with a note attached 1792 | -9/Mines | Found Prototype Device 1808 | -9/Mines | Discovered new exit (range 15) 2592 | -9/Mines | Entered Materials 2592 | -8/Materials | Evolved 4 slots: Propulsion x1, Utility x2, Weapon x1 2593 | -8/Materials | Loaded intel: 8 trap records 2987 | -8/Materials | Identified exit to Garrison 2987 | -8/Materials | Entered Garrison 3005 | -8/Garrison | Lost 9 parts (5n2u2w) 3091 | -8/Garrison | Crushed by falling debris 3103 | -8/Garrison | Triggered checkpoint 3247 | -8/Garrison | Build established: Mutant 3339 | -8/Garrison | Discovered new exit (range 8) 3349 | -8/Garrison | Attempted to access garrison exit controls, blocked by remote lockdown 3727 | -8/Garrison | Triggered checkpoint 3759 | -8/Garrison | Triggered checkpoint 3763 | -8/Garrison | Core integrity fell below 50% 3831 | -8/Garrison | Discovered new exit (range 12) 3851 | -8/Garrison | Attempted to access garrison exit controls, blocked by remote lockdown 3877 | -8/Garrison | Build established: Scavenger-Mutant 3937 | -8/Garrison | Triggered checkpoint 4017 | -8/Garrison | Triggered checkpoint 4403 | -8/Garrison | Triggered checkpoint 4437 | -8/Garrison | Core integrity fell below 20% 4456 | -8/Garrison | Garrison Relay disabled 4459 | -8/Garrison | Destroyed by G-47 Trooper with Particle Gun Last Messages --------------- 04435_ Lgt. Nuclear Core destroyed. 04440_ Adv. Heat Sink destroyed. 04443_ Gauss Rifle destroyed. 04445_ Katana destroyed. 04446_ Acquired Aluminum Leg. 04447_ Lgt. Angular Momentum Engine destroyed. 04447_ Acquired 5 matter. 04448_ Wheel destroyed. 04454_ Acquired 10 matter. 04456_ Garrison Relay disabled. 04456_ Relay Coupler [Sentry] tumbles out of relay unit. 04456_ Relay Coupler [NC] tumbles out of relay unit. 04456_ Relay Coupler [Sentry] tumbles out of relay unit. 04456_ Relay Coupler [Duelist] tumbles out of relay unit. 04459_ Acquired Relay Coupler [NC]. 04459_ Aluminum Leg destroyed. Map ----- +----------------------------------------------------+ | ???????????????????#" ""#?????????????????? | | ???????????????????#""" "#?????????????????? | | ???????????????????# """#?????????????????? | | ???????????????????# #?????????????????? | | ???????????????????# ####"! #?????????????????? | | ???????????????????# # ##" "" #?????????????????? | | ???????????????????# #"""""#?????????????????? | | ???????????????????# #######?????????????????? | | ???????????????????### # #?????????????????????? | | ?????????????????????## #?????????????????????? | | ?????????????????????# #####??????????????????? | | ?????????????????????# # #??????????????????? | | ??????????????????#### # < #??????????????????? | | ??????????????????# #??????????????????? | | ??????????????????# #??????????????????? | | ??????????????????# #####??????????????????? | | ??????????????????# # ## # #???????????????????? | | ??????????????????# #########???????????????????? | | ??????????????????# #???????????????????????????? | | ??????????????????# #???????????????????????????? | | ??????????????????# #???????????????????????????? | | ??????????????????# #???????????????????????????? | | ??????????????????# ########????????????????????? | | ??????????????????# ##""!""#????????????????????? | | ########??????????#[ #?#!CC#?????????????????????? | | # ##############*%###g@ #####?????????????????? | | ######## * gg ^ #???????????????? | | #??????# g #???????????????? | | #??????# ######### ### #######???????????????? | | #??????# #???????# #?# #?????????????????????? | | #??????# #???????# #?#####?????????????????????? | | #??????# #???????# #???????????????????????????? | | ######## #???????# #???????????????????????????? | | ## [ ## #???????# #???????????????????????????? | | ## !%## ##Y?????# #???????????????????????????? | | = ######## #???????????????????????????? | | * #???????????????????????????? | | #???????????????????????????? | | ## ## ###########???????????????????????????? | | ## ##^^^###???????????????????????????????????? | | #???????????????????????????????????? | | #???????????????????????????????????? | | #???????????????????????????????????? | | ^ ^ #???????????????????????????????????? | | ##^^^###???????????????????????????????????? | | #* ## ######################????????????????? | | =%! = " #????????????????? | | * = * ############???????????????? | | [ =* #?????### #???????????????? | | # [ ############# #?????#"# "???????????????? | +----------------------------------------------------+ Best States ------------- Heat Dissipation 50 Energy Generation 18 Energy Capacity 280 Matter Stores 300 Matter Capacity 300 Sight Range 16 Terrain Scan Range 16 Terrain Scan Density 10 EM Shielding 2 Armor Coverage 150 Evasion (%) 50 Targeting Accuracy 10 Recoil Reduction 3 Item Schematics ----------------- None Robot Schematics ------------------ None Fabricated ------------ Nothing Repaired ---------- Nothing Studied --------- None Alien Tech Used ----------------- None Achievements -------------- I Have A Map? Challenges ------------ None Game ------ Seed ShiftLongswordFilter Manual? 0 Play Time 00:45:47 Cumulative 173.3 hours Start 2026.02.18 @ 00:14:55 End 2026.02.18 @ 00:58:34 Sessions 1 Manual Loads 0 Difficulty Rogue Special Mode None Game No. 200 Rogue 200 Adventurer 0 Explorer 0 Win Type - Total 0 Types 0/0/0/0/0/0/0/0/0/0 Lore% 25 Gallery% 50 Achievement% 25 Wizard Run 0 Options --------- Layout 1 ASCII 0 Keyboard 1 Movement Vi Keybinds 0 Fullscreen 1 Font 24/Smallcaps Map View 50x35 Zoom Use 0% Tactical HUD 1 Map Filters NONE Filters NONE Steam 1 RUN: 06a2a530-09c4-4b2b-a3ae-2453bdc16591